 Dungeon Crawl Stone Soup version 0.21-a0-552-g593960d (webtiles) character file.

84 kae the Insei (level 4, -1/36 HPs)
             Began as a Draconian Transmuter on Dec 17, 2017.
             Slain by a gnoll (2 damage)
             ... on level 2 of the Dungeon.
             The game lasted 00:01:51 (1503 turns).

kae the Insei (Draconian Transmuter)                Turns: 1503, Time: 00:01:52

Health: -1/36      AC:  5    Str: 12    XL:     4   Next: 23%
Magic:  7/7        EV: 12    Int: 13    God:
Gold:   80         SH:  0    Dex: 13    Spells: 4/7 levels left

rFire    . . .     SeeInvis .   f - +0 club
rCold    . . .     Gourm    .   (no shield)
rNeg     . . .     Faith    .   (armour unavailable)
rPois    .         Spirit   .   (helmet restricted)
rElec    .         Reflect  .   (no cloak)
rCorr    .         Harm     .   (no gloves)
MR       .....                  (no boots)
Stlth    +.........             (no amulet)
HPRegen  0.12/turn              (no ring)
MPRegen  0.10/turn              (no ring)

@: no status effects
A: unfitting armour, cold-blooded, AC +5
a: no special abilities


You were on level 2 of the Dungeon.
You were hungry.

You visited 1 branch of the dungeon, and saw 2 of its levels.

You collected 80 gold pieces.

Inventory:

Hand Weapons
 f - a +0 club (weapon)
Missiles
 a - 39 arrows
Scrolls
 d - 2 scrolls of fog
 m - a scroll of remove curse {unknown}
Potions
 i - a potion of brilliance {unknown}
 k - a potion of heal wounds {unknown}
 l - a potion of degeneration {unknown}
Books
 b - a book of Changes

   Spells                             Type                      Level
   a - Beastly Appendage              Transmutation                1
   b - Sticks to Snakes               Transmutation                2
   c - Spider Form                    Transmutation/Poison         3
   d - Ice Form                       Ice/Transmutation            4
   e - Blade Hands                    Transmutation                5
Comestibles
 c - 3 bread rations
 g - a meat ration
 h - a royal jelly
 j - 2 fruits


   Skills:
 + Level 1.9 Fighting
 + Level 2.2 Dodging
 * Level 3.9 Unarmed Combat
 + Level 2.4 Spellcasting
 + Level 2.5 Transmutations


You had 4 spell levels left.
You knew the following spells:

 Your Spells              Type           Power        Failure   Level  Hunger
a - Beastly Appendage     Tmut           #.....       9%          1    #......
b - Sticks to Snakes      Tmut           #.......     13%         2    ###....


Dungeon Overview and Level Annotations

Branches:
Dungeon (2/15)

Altars:


Innate Abilities, Weirdness & Mutations

Your plain brown scales are hard. (AC +5)
You cannot fit into any form of body armour.
You are cold-blooded and may be slowed by cold attacks.


Message History

The gnoll closely misses you.
You feel better. The gnoll misses you.
You hit the gnoll.
The gnoll is heavily wounded.
The gnoll hits you.
You hit the gnoll.
The gnoll is severely wounded.
The gnoll hits you.
* * * LOW HITPOINT WARNING * * *
The gnoll hits you!
* * * LOW HITPOINT WARNING * * *
You closely miss the gnoll.
You tail-slap the gnoll, but do no damage.
The gnoll is severely wounded.
The gnoll hits you.
* * * LOW HITPOINT WARNING * * *
You hit the gnoll but do no damage.
The gnoll is severely wounded.
The gnoll hits you.
You die...

.....#.≈.≈##.§§§§#
#######≈.≈.#####§# ###
##...#Kggg## #§######.##
..†..##gg≈. #§§§§.†...####
##.###.≈g≈# ####§........# ##.#
#≈.≈ ........###.###.#
##.#####'############ #.###.#
##.##.......###########...#.#####
...##.....(...(g@()((....(.......
##.##...)(..###########...######.
.....#....(## ######.## #.
##.#.##...#########......# #.
#..................####.# #.
#.#.##...########..####.## #.
#)#.###.## #........# #. ##.#.#
#.# ##.####..# #. ...#.# #)# #.#
#..# #.


You could see a gnoll.

Vanquished Creatures
  An adder (D:2)
  A gnoll (D:2)
  A dart slug (D:1)
  A worm (D:2)
  A leopard gecko (D:1)
  2 giant cockroaches
  11 goblins
  10 hobgoblins
  7 jackals (D:1)
  A quokka (D:2)
  4 bats
  2 frilled lizards (D:2)
  7 kobolds
  4 rats
53 creatures vanquished.

Vanquished Creatures (collateral kills)
  A ball python (D:1)
1 creature vanquished.

Grand Total: 54 creatures vanquished

Notes
Turn   | Place    | Note
-------+----------+-------------------------------------------
     0 | D:1      | kae the Draconian Transmuter began the quest for the Orb.
     0 | D:1      | Reached XP level 1. HP: 16/16 MP: 3/3
    75 | D:1      | Reached XP level 2. HP: 15/23 MP: 1/5
   113 | D:1      | Learned a level 2 spell: Sticks to Snakes
   602 | D:1      | Reached XP level 3. HP: 26/28 MP: 6/6
  1444 | D:2      | Reached XP level 4. HP: 34/36 MP: 7/7
  1502 | D:2      | HP: 1/36 [gnoll (1)]
  1503 | D:2      | Slain by a gnoll

Vault maps used:
D:1:      saegor_arrival_simple_a
D:2:      first_bread, okawaru_altar_gauntlet_db, uniq_crazy_yiuf_cottage

Skill      XL: |  1  2 |
---------------+-------+-----
Dodging        | 2 |  2.2
Fighting       | |  1.9
Unarmed Combat | |  3.9
Spellcasting   | |  2.4
Transmutations | |  2.5

Action                   |  1- 3 |  4- 6 || total
-------------------------+-------+-------++-------
Melee: Unarmed           |    36 |       ||    36
       Tailslap          |    17 |     4 ||    21
       Kick              |     8 |     5 ||    13
       Headbutt          |     4 |       ||     4
       Club              |   107 |    28 ||   135
       Punch             |     1 |       ||     1
 Cast: Beastly Appendage |     9 |     2 ||    11
       Sticks to Snakes  |     1 |       ||     1
  Use: Scroll            |     2 |       ||     2
       Potion            |       |     2 ||     2
  Eat: Chunk             |     2 |       ||     2
Armor: Skin              |    55 |     9 ||    64
Dodge: Dodged            |   118 |    19 ||   137

Table legend:
 A = Spawn XP
 B = Non-spawn XP
 C = Spawn XP percentage of total XP
 D = Spawn monster count
 E = Non-spawn monster count
 F = Spawn count percentage of total count
 G = Total turns spent on level
                    A         B        C        D         E        F      G
               +---------+---------+-------+---------+---------+-------+---------
         Total |       0 |     120 |   0.0 |       0 |      54 |   0.0 |  1503
               +---------+---------+-------+---------+---------+-------+---------
           D:1 |       0 |      55 |   0.0 |       0 |      30 |   0.0 |   878
           D:2 |       0 |      65 |   0.0 |       0 |      24 |   0.0 |   625
               +---------+---------+-------+---------+---------+-------+---------
